[Event "Late-Titled-Tuesday-Blitz-May-14-2024"]
[Site "Chess.com"]
[Date "2024.05.14"]
[Round "7"]
[White "ChEsper99"]
[Black "rdarruda"]
[Result "0-1"]
[WhiteElo "2239"]
[BlackElo "2492"]
[TimeControl "180+1"]
[EndTime "15:16:38 PDT"]
[Termination "rdarruda won by resignation"]

1. Nf3 d5 2. e3 Nf6 3. c4 c6 4. b3 g6 5. Bb2 Bg7 6. Be2 O-O 7.
O-O e6 8. Qc2 b6 9. d4 Bb7 10. Nc3 Nbd7 11. Rad1 Qe7 12. Rfe1 Rac8 13. Bd3 c5 14. Qb1 Rfd8 15. cxd5 exd5 16. Rc1 Ne4 17. dxc5 Ndxc5 18. Red1 Nxd3 19. Rxd3 d4 20. exd4 Nxc3 21. Bxc3 Be4 22. Re3 Bxb1 23. Rxe7 Bxa2 24. Bb2 Rxc1+ 25. Bxc1 a5 26. Rb7 Bxb3 27. Rxb6 a4 28. Bb2 h6 29. h4 Rc8 30. Ba3 Rc2 31. Bb4 Bd5 32.
Rb8+ Kh7 33. Rb5 Bxf3 34. gxf3 Bxd4 35. Ra5 Rxf2 36. Kh1 Rxf3 37. Rxa4 Rh3+ 38. Kg2 Rxh4 39. Bc3 Bf6 40. Rxh4 Bxh4 41. Kh3 Bg5 42. Kg4 f5+ 43.
Kf3 h5 44. Be1 Be7 45. Bc3 g5 46. Bd2 Kg6 47. Bc3 g4+ 48. Kf4 Bd6+ 49. Ke3 h4 0-1

[Event "Late-Titled-Tuesday-Blitz-May-14-2024"]
[Site "Chess.com"]
[Date "2024.05.14"]
[Round "7"]
[White "mfschulz"]
[Black "dianamirza"]
[Result "0-1"]
[WhiteElo "2271"]
[BlackElo "1973"]
[TimeControl "180+1"]
[EndTime "15:16:38 PDT"]
[Termination "dianamirza won by resignation"]

1. d4 Nf6 2. Bg5 c6 3. Bxf6 exf6 4. c4 Bb4+ 5. Nc3 O-O 6. e3 d5 7. Qb3 Bd6 8. cxd5 cxd5 9. Qxd5 Nc6 10. Nf3 Be6 11.
Qh5 Nb4 12. Kd2 Rc8 13. a3 g6 14. Qh6 Nd5 15. Bd3 Nxc3 16. bxc3 Qa5 17. Rhc1 Bxa3 18. Rc2 Bb3 19. Rac1 Bxc1+ 20. Rxc1 Qa2+ 21. Ke1 Qb2 22. e4 Rxc3 23. Rxc3 Qxc3+ 24. Ke2 Qb2+ 25. Nd2 Qxd4 26. Qe3 Qb2 27. h4 a5 28. h5 f5 29. exf5 Ba4 30. hxg6 Re8 31. Be4 hxg6 32. fxg6 fxg6 33. f3 Bb5+ 34. Kf2 Rd8 35. Bd5+ Rxd5 36. Qe6+ Kg7 37.
Qxd5 a4 38. Qxb7+ Kh6 39. Qd5 a3 40. Kg3 a2 41. Ne4 a1=Q 42. Qg5+ Kg7 43. Qe7+ Kg8 44.
Nf6+ Qxf6 45. Qxf6 Qxf6 46. Kg4 Bc6 47. f4 Qf5+ 48. Kg3 Kf7 0-1

[Event "Late-Titled-Tuesday-Blitz-May-14-2024"]
[Site "Chess.com"]
[Date "2024.05.14"]
[Round "7"]
[White "Incognito_Knight"]
[Black "mostafa_sakha"]
[Result "1-0"]
[WhiteElo "2729"]
[BlackElo "2390"]
[TimeControl "180+1"]
[EndTime "15:16:39 PDT"]
[Termination "Incognito_Knight won on time"]

1. b3 e5 2. Bb2 Nc6 3. c4 Nf6 4. Nf3 e4 5. Nd4 Bc5 6. Nf5 O-O 7. Ng3 d5 8. cxd5 Qxd5 9. Bxf6 gxf6 10. Nc3 Qe5 11. Ngxe4 Bf5 12. Nxc5 Qxc5 13. e3 Nb4 14. Rc1 Bd3 15. a3 Nc2+ 16. Rxc2 Bxc2 17. Qxc2 Qxa3 18. Bd3 Qa1+ 19. Nd1 Kg7 20. Qxc7 Qe5 21. Qxe5 fxe5 22. Nc3 a6 23. g4 b5 24. Ke2 Rac8 25. h4 Rfd8 26.
h5 h6 27. Ra1 Rc6 28. Ne4 Rb6 29. b4 Rc6 30. Nc5 Rdd6 31. Be4 Rb6 32. Bb7 Rd8 33. Rxa6 Rxa6 34. Bxa6 Rb8 35. Nd7 1-0

[Event "Late-Titled-Tuesday-Blitz-May-14-2024"]
[Site "Chess.com"]
[Date "2024.05.14"]
[Round "7"]
[White "tamarozi99"]
[Black "PNEPaul"]
[Result "1-0"]
[WhiteElo "2144"]
[BlackElo "1911"]
[TimeControl "180+1"]
[EndTime "15:16:39 PDT"]
[Termination "tamarozi99 won on time"]

1. e4 e5 2. Nf3 Nc6 3. Bb5 f5 4. d3 Nf6 5. O-O Be7 6. Bc4 d6 7. a4 f4 8. Re1 Bg4 9. Nc3 Nd4 10. Nd5 c6 11. Nxf6+ Bxf6 12. c3 Nxf3+ 13. gxf3 Bh3 14. d4 Bh4 15. Bf1 Qg5+ 16. Kh1 Bd7 17. Bc4 Bxf2 18. Rf1 Bh4 19. Rg1 Qe7 20. dxe5 dxe5 21.
b3 O-O-O 22. Ba3 c5 23. Qd5 Bf2 24. Rg2 Be3 25. b4 Bh3 26. Qf7 Bxg2+ 27. Kxg2 Qxf7 28. Bxf7 Rd2+ 29. Kh1 b6 30. bxc5 Bxc5 31. Be6+ Kc7 32.
Bc1 1-0

[Event "Late-Titled-Tuesday-Blitz-May-14-2024"]
[Site "Chess.com"]
[Date "2024.05.14"]
[Round "7"]
[White "azikom"]
[Black "GiorgianBarbosa"]
[Result "1-0"]
[WhiteElo "2695"]
[BlackElo "2519"]
[TimeControl "180+1"]
[EndTime "15:16:40 PDT"]
[Termination "azikom won by checkmate"]

1. d4 Nf6 2. c4 e6 3. Nc3 d5 4. e3 Be7 5. Nf3 O-O 6. b3 b6 7.
Bb2 Bb7 8. cxd5 exd5 9. Bd3 c5 10.
O-O Nc6 11. Ne2 Nb4 12. Bb1 c4 13. bxc4 dxc4 14. Ne5 Rc8 15. a3 Nbd5 16. e4 c3 17. Bc1 Nc7 18. Nxc3 Ne6 19. d5 Rxc3 20. dxe6 Qxd1 21.
exf7+ Kh8 22. Rxd1 Nxe4 23. Bb2 Rc7 24. f3 Nc3 25.
Rd7 Bc5+ 26. Kh1 Rxd7 27. Nxd7 Rd8 28. Bxc3 Rxd7 29. Ba2 h6 30. h3 Kh7 31. Be6 Rc7 32. Bb4 Bxb4 33. axb4 Re7 34. f8=Q Rxe6 35. Qf5+ Rg6 36.
Rxa7 Bc8 37. Qxc8 h5 38. Ra8 h4 39. Qh8# 1-0

[Event "Late-Titled-Tuesday-Blitz-May-14-2024"]
[Site "Chess.com"]
[Date "2024.05.14"]
[Round "7"]
[White "Grischuk"]
[Black "Jarming"]
[Result "1-0"]
[WhiteElo "3117"]
[BlackElo "2691"]
[TimeControl "180+1"]
[EndTime "15:16:41 PDT"]
[Termination "Grischuk won by resignation"]

1. d4 Nf6 2. c4 g6 3. g3 Bg7 4. Bg2 c6 5. e4 d5 6. cxd5 cxd5 7.
e5 Ng8 8. Nc3 e6 9. Nge2 a6 10.
h4 h6 11. h5 g5 12. f4 gxf4 13. Bxf4 Ne7 14. Qd2 Nbc6 15. g4 Bd7 16. g5 hxg5 17.
Bxg5 Qa5 18. h6 Bf8 19. Ng3 Rc8 20. Nh5 Qb4 21. Rd1 Na5 22. Nf6+ Kd8 23. Ncxd5 Qxd2+ 24. Bxd2 Nc4 25. Nxe7 Bxe7 26. Bc1 Bc6 27. Bxc6 Rxc6 28. h7 Bxf6 29. exf6 Rd6 30. Ke2 Rc6 31. Rdg1 Kd7 32. Rg7 Nd6 33. Bf4 Rc2+ 34. Kd3 Rcc8 35. Bxd6 Kxd6 36. Rxf7 b5 37. Rg7 a5 38. f7 Rcf8 39.
Rg8 Ke7 40. a3 a4 41. Kc3 Rc8+ 42. Kb4 Kxf7 43. Rxc8 Rxc8 44. h8=Q 1-0

[Event "Late-Titled-Tuesday-Blitz-May-14-2024"]
[Site "Chess.com"]
[Date "2024.05.14"]
[Round "7"]
[White "Mischuk_D"]
[Black "Magicmaster17"]
[Result "0-1"]
[WhiteElo "2704"]
[BlackElo "2892"]
[TimeControl "180+1"]
[EndTime "15:16:41 PDT"]
[Termination "Magicmaster17 won by resignation"]

1. d4 Nf6 2. c4 e6 3. g3 Bb4+ 4. Nd2 c5 5. dxc5 Bxc5 6. Nb3 Bb6 7. Bg2 d5 8. cxd5 exd5 9. Nf3 Nc6 10. O-O O-O 11. Nbd4 Re8 12. Bf4 Bg4 13. Nxc6 bxc6 14. Rc1 c5 15. Bg5 d4 16. h3 Be6 17. Nd2 h6 18.
Bxf6 Qxf6 19. Nc4 Rad8 20. Qd2 Bxc4 21. Rxc4 Qe6 22. Rc2 c4 23. Qb4 d3 24. exd3 cxd3 25. Rd2 Rd4 26. Qb5 Red8 27. b4 Qd6 28. a3 g6 29. Kh1 h5 30. Qg5 Re8 31. Rfd1 Re2 32.
Bf1 Qc6+ 33. Kg1 Qf3 34. Rxe2 dxe2 35. Rxd4 Bxd4 36. Qd8+ Kh7 37. Qxd4 e1=Q 38. Qc4 Qee4 39. Qxf7+ Qxf7 0-1

[Event "Late-Titled-Tuesday-Blitz-May-14-2024"]
[Site "Chess.com"]
[Date "2024.05.14"]
[Round "7"]
[White "Bala-Afiada"]
[Black "rhwr"]
[Result "0-1"]
[WhiteElo "1963"]
[BlackElo "2298"]
[TimeControl "180+1"]
[EndTime "15:16:41 PDT"]
[Termination "rhwr won by resignation"]

1. d4 c5 2. d5 Nf6 3. c4 e5 4. dxe6 fxe6 5. Nc3 d5 6. cxd5 exd5 7. Bg5 d4 8. Ne4 Qa5+ 9. Qd2 Qxd2+ 10. Nxd2 Be7 11. Ngf3 b6 12. g3 Bb7 13. Bg2 Nbd7 14. O-O O-O 15. Nc4 Rae8 16. Rad1 Bd5 17. b3 h6 18. Bf4 g5 19. Bc1 Be6 20. e3 dxe3 21. Nxe3 Ne4 22. Bb2 Bf6 23. Bxf6 Ndxf6 24. h3 Rd8 25. Rxd8 Rxd8 26.
Rd1 Rxd1+ 27. Nxd1 b5 28. Ne3 c4 29. bxc4 bxc4 30. Nd4 Bf7 31. Ndc2 c3 32. Kf1 Bxa2 33. Ke2 Bc4+ 34. Ke1 a5 35. Nf5 Kh7 36. Nfe3 Bf7 37. Nd4 a4 38. Ndc2 Bb3 39. Kd1 Nxf2+ 40. Kc1 N2e4 41.
Kb1 Nxg3 42. Ka1 h5 43. Nd4 g4 44. hxg4 Nxg4 45. Nef5 Nxf5 46. Nxf5 Kg6 47. Be4 Kg5 48. Nd4 h4 49. Nf3+ Kf4 50. Bc6 h3 51. Kb1 h2 52.
Ne1 Nf2 53. Ng2+ Kg3 54. Ne3 Kf4 55. Bh1 Nxh1 0-1

[Event "Late-Titled-Tuesday-Blitz-May-14-2024"]
[Site "Chess.com"]
[Date "2024.05.14"]
[Round "7"]
[White "Seppppppy"]
[Black "Veleamater"]
[Result "0-1"]
[WhiteElo "2329"]
[BlackElo "2440"]
[TimeControl "180+1"]
[EndTime "15:16:42 PDT"]
[Termination "Veleamater won by resignation"]

1. e4 c5 2. Nf3 e6 3. c3 d5 4.
exd5 exd5 5. d4 Nf6 6. Bg5 cxd4 7. cxd4 Be7 8. Nc3 O-O 9. Bd3 Bg4 10. h3 Bh5 11.
Qc2 Bxf3 12. gxf3 h6 13. Bxf6 Bxf6 14. O-O-O Nc6 15. Qb3 Nxd4 16. Qxb7 Rc8 17. Kb1 Nxf3 18. Nxd5 Rb8 19. Qc6 Bxb2 20. Bb5 Nd4 21. Rxd4 Bxd4 22. Rd1 Qh4 23. Qc4 Qxf2 24. Rxd4 Rxb5+ 25. Kc1 Qe1+ 26. Kc2 Qb1+ 27. Kc3 Qb2+ 28. Kd3 Re8 29. Re4 Qb1+ 30. Ke3 Qxe4+ 31. Qxe4 Rxe4+ 32. Kxe4 Ra5 33. Nc3 Ra3 34. Kd4 Rxc3 35. Kxc3 f5 36. Kc4 g5 37. Kd5 f4 38.
Ke4 Kf7 39. a4 Ke6 40. a5 a6 41. h4 Kf6 42. h5 Ke6 43. Kd4 f3 44. Ke4 g4 0-1

[Event "Late-Titled-Tuesday-Blitz-May-14-2024"]
[Site "Chess.com"]
[Date "2024.05.14"]
[Round "7"]
[White "WALDOCHESS"]
[Black "VladimirBugayev"]
[Result "1-0"]
[WhiteElo "2041"]
[BlackElo "2311"]
[TimeControl "180+1"]
[EndTime "15:16:43 PDT"]
[Termination "WALDOCHESS won on time"]

1. c4 c5 2. Nc3 Nc6 3. Nf3 g6 4. g3 Bg7 5. Bg2 d6 6. O-O e5 7.
d3 Nge7 8. e4 O-O 9. Rb1 Rb8 10.
a3 a5 11. Bd2 h6 12. Qc1 Kh7 13. Nd5 b5 14. b4 cxb4 15. axb4 a4 16. cxb5 Rxb5 17. Nc3 Rxb4 18. Rxb4 Nxb4 19. Qb1 Qa5 20. Nxa4 Nec6 21. Nb2 Ba6 22. Rc1 Qb5 23. Bf1 Qb7 24.
Nc4 Bxc4 25. Rxc4 Rb8 26. Ne1 Bf8 27. h4 d5 28. exd5 Nd4 29. Bxb4 Bxb4 30. Nc2 Nxc2 31. Qxc2 Qxd5 32. Bg2 Qd6 33. h5 Ba5 34. hxg6+ Qxg6 35.
Be4 f5 36. Rc6 Qg5 37. Bg2 Bb6 38. Rc7+ Kh8 39. Rc8+ Rxc8 40. Qxc8+ Bd8 41. Qd7 Qf6 42. Qe8+ Kg7 43. Bd5 1-0

[Event "Late-Titled-Tuesday-Blitz-May-14-2024"]
[Site "Chess.com"]
[Date "2024.05.14"]
[Round "7"]
[White "HowTo2Draw"]
[Black "lamomiajunior"]
[Result "0-1"]
[WhiteElo "2582"]
[BlackElo "2787"]
[TimeControl "180+1"]
[EndTime "15:16:46 PDT"]
[Termination "lamomiajunior won on time"]

1. c4 Nf6 2. Nc3 g6 3. g3 Bg7 4.
Bg2 O-O 5. Nf3 d6 6. d4 c6 7. O-O Bf5 8. b3 Ne4 9. Bb2 d5 10. Nh4 Nxc3 11. Bxc3 Bg4 12. h3 Be6 13. Qd3 Nd7 14.
cxd5 cxd5 15. f4 Nb6 16. f5 Bd7 17. Kh2 e6 18. fxg6 fxg6 19. a4 a5 20. Rxf8+ Qxf8 21. Rf1 Qd6 22. Nxg6 hxg6 23. Qxg6 Be8 24. Qg4 Bf7 25.
Bd2 e5 26. Bg5 Qg6 27. dxe5 Bxe5 28. h4 Be6 29. Qf3 Nd7 30. Qe3 Rc8 31. Rd1 Rc3 32. Rd3 Rxd3 33. exd3 d4 34. Qf3 b6 35. Qa8+ Kg7 36.
Be4 Qf7 37. Kg2 Bxb3 38. Qc6 Be6 39. h5 Bf5 40. h6+ Kh7 41. Bd5 Qh5 42. Qc8 Qxg5 0-1

[Event "Late-Titled-Tuesday-Blitz-May-14-2024"]
[Site "Chess.com"]
[Date "2024.05.14"]
[Round "7"]
[White "GMMikhailKazakov"]
[Black "osielchesslover2011"]
[Result "1-0"]
[WhiteElo "2518"]
[BlackElo "2251"]
[TimeControl "180+1"]
[EndTime "15:16:48 PDT"]
[Termination "GMMikhailKazakov won by checkmate"]

1. e4 c5 2. Nf3 d6 3. d4 cxd4 4.
Nxd4 Nf6 5. Nc3 a6 6. Be2 e6 7.
O-O Nbd7 8. Be3 b5 9. a3 Bb7 10. f3 Be7 11. Qe1 Rc8 12. Rd1 Ne5 13. Qf2 Nc4 14.
Bxc4 Rxc4 15. Rd3 Qc8 16. Rfd1 O-O 17. Nb3 Nd7 18. Na5 Ne5 19. Nxc4 Nxd3 20. cxd3 bxc4 21. d4 f5 22. exf5 Rxf5 23. Qe2 Qf8 24. Bf2 Qf7 25. Re1 e5 26. dxe5 Rxe5 27. Qd2 Rxe1+ 28. Qxe1 Bf6 29. Qd2 d5 30. Bd4 Bxd4+ 31. Qxd4 Qe7 32.
Kf2 Bc6 33. Nd1 Qf6 34. Qxf6 gxf6 35. Ke3 Kf7 36. Kd4 Ke6 37. Ne3 Bb7 38. g4 h6 39. f4 Bc6 40. Nf5 h5 41. Ng7+ Kf7 42. Nxh5 f5 43. h3 fxg4 44. hxg4 Bd7 45. f5 Bc6 46. Ke5 Kg8 47. g5 Kf7 48. g6+ Kg8 49. f6 Kf8 50. f7 d4 51. Kf6 Bd5 52. g7# 1-0

[Event "Late-Titled-Tuesday-Blitz-May-14-2024"]
[Site "Chess.com"]
[Date "2024.05.14"]
[Round "7"]
[White "WindWhistler11"]
[Black "Evan_Attaker"]
[Result "1-0"]
[WhiteElo "2538"]
[BlackElo "2633"]
[TimeControl "180+1"]
[EndTime "15:16:49 PDT"]
[Termination "WindWhistler11 won by checkmate"]

1. Nf3 c5 2. g3 b6 3. Bg2 Bb7 4. a3 Nf6 5. b4 e6 6. b5 a6 7. bxa6 Rxa6 8. O-O Be7 9. c4 O-O 10. Bb2 Nc6 11. d3 Qa8 12. Nc3 Nd4 13. e4 Nxf3+ 14. Qxf3 d6 15. Qe2 Nd7 16. Nb5 Qc8 17.
f4 Re8 18. f5 exf5 19. Rxf5 Bf8 20. Raf1 f6 21. Bh3 Qd8 22. g4 h6 23. Bg2 Bc8 24.
R5f4 Ne5 25. h4 Bd7 26. Nc3 Ng6 27. Nd5 Nxf4 28. Rxf4 Bc6 29. Bxf6 Qd7 30. Bb2 Bxd5 31. cxd5 Be7 32. g5 hxg5 33. hxg5 Bxg5 34. Rg4 Bh6 35. d4 Raa8 36. e5 cxd4 37. e6 Qe7 38. Bxd4 Rf8 39. Be4 Rxa3 40. Kg2 Ra4 41. Bc2 Rb4 42. Qe4 g5 43.
Qg6+ Bg7 44. Qh7# 1-0

[Event "Late-Titled-Tuesday-Blitz-May-14-2024"]
[Site "Chess.com"]
[Date "2024.05.14"]
[Round "7"]
[White "TheWiscoIndian"]
[Black "VacheH009"]
[Result "1-0"]
[WhiteElo "2251"]
[BlackElo "2529"]
[TimeControl "180+1"]
[EndTime "15:16:49 PDT"]
[Termination "TheWiscoIndian won by checkmate"]

1. Nf3 Nf6 2. b3 d5 3. Bb2 e6 4. g3 Be7 5. Bg2 O-O 6. O-O c5 7. d3 Nc6 8. Nbd2 d4 9. e3 e5 10.
exd4 cxd4 11. Re1 Qc7 12. Qe2 Bb4 13. a3 Bxd2 14. Nxd2 Be6 15. Nf3 Nd7 16. Ng5 Bf5 17. b4 h6 18. Ne4 Ne7 19. Nd2 Rfe8 20. Rac1 Rac8 21. Nc4 b5 22. Na5 Be6 23. Qh5 Bd5 24. Bh3 Rcd8 25. Qh4 Ng6 26. Qh5 Nf6 27. Qd1 Ba8 28. Bg2 Bxg2 29. Kxg2 Nd5 30. Nb3 Rc8 31. Nc5 Nf8 32. Qf3 Nb6 33. Re2 Ne6 34. Rce1 Nxc5 35.
bxc5 Qxc5 36. Qg4 Qc6+ 37. Kg1 Qd6 38. Bxd4 Rcd8 39. Bxe5 Qc6 40. Qxg7# 1-0

[Event "Late-Titled-Tuesday-Blitz-May-14-2024"]
[Site "Chess.com"]
[Date "2024.05.14"]
[Round "7"]
[White "Leebit02"]
[Black "grzechu96"]
[Result "0-1"]
[WhiteElo "2598"]
[BlackElo "2810"]
[TimeControl "180+1"]
[EndTime "15:16:50 PDT"]
[Termination "grzechu96 won on time"]

1. d4 d5 2. c4 c6 3. Nf3 Nf6 4.
Nc3 dxc4 5. g3 b5 6. Bg2 Bb7 7. O-O a6 8. b3 cxb3 9. Qxb3 e6 10. a4 b4 11. a5 c5 12. dxc5 Nbd7 13. Qxb4 Rb8 14. Qc4 Bxc5 15. Na4 Qxa5 16. Bd2 Qb5 17. Qxb5 axb5 18. Nxc5 Nxc5 19. Bb4 Na6 20. Bd6 Rd8 21. Rfd1 Nd5 22. Ba3 b4 23. Bb2 O-O 24. Ne5 f6 25.
Nd3 Rc8 26. Rdc1 Rxc1+ 27. Rxc1 Rc8 28. Ra1 Rc2 29. Kf1 Kf7 30. Bd4 Bc8 31. Ke1 Nc3 32. Bf3 e5 33. Be3 e4 34. Bd2 exf3 0-1

[Event "Late-Titled-Tuesday-Blitz-May-14-2024"]
[Site "Chess.com"]
[Date "2024.05.14"]
[Round "7"]
[White "marik_spb"]
[Black "Crazy_girl99"]
[Result "0-1"]
[WhiteElo "2508"]
[BlackElo "2634"]
[TimeControl "180+1"]
[EndTime "15:16:51 PDT"]
[Termination "Crazy_girl99 won by resignation"]

1. e4 e5 2. Nf3 Nc6 3. Bb5 a6 4.
Ba4 Nf6 5. d4 Nxe4 6. dxe5 Nc5 7. Bb3 Nxb3 8. axb3 Be7 9. O-O O-O 10. Nc3 d6 11. Bf4 dxe5 12. Nxe5 Nxe5 13. Bxe5 Bf5 14.
Qf3 Qc8 15. Nd5 Bd8 16. Bxc7 Be6 17. Bxd8 Bxd5 18. Qxd5 Rxd8 19. Qc4 Qf5 20. c3 Qc2 21. Rab1 h6 22. b4 Rac8 23. Qf4 Rd2 24. h3 Re8 25. Rfe1 Rde2 26. Rec1 Qb3 27. Qf3 Rxb2 28. Rxb2 Qxb2 29.
Rd1 Qb3 30. Rd7 Re1+ 31. Kh2 Qe6 32. Rxb7 Qe5+ 33. g3 Qe6 34. Kg2 g6 35. Rc7 Rc1 36.
Rc6 Qe1 37. Rc8+ Kg7 38. Rg8+ Kxg8 39. Qa8+ Kg7 40. Kf3 Qh1+ 41. Kg4 Qxa8 0-1

[Event "Late-Titled-Tuesday-Blitz-May-14-2024"]
[Site "Chess.com"]
[Date "2024.05.14"]
[Round "7"]
[White "BestestBP"]
[Black "jup1978"]
[Result "0-1"]
[WhiteElo "2192"]
[BlackElo "2482"]
[TimeControl "180+1"]
[EndTime "15:16:51 PDT"]
[Termination "jup1978 won on time"]

1. c4 e6 2. e4 d5 3. cxd5 exd5 4. e5 d4 5. Nf3 Nc6 6. Bb5 Qd5 7. Bxc6+ Qxc6 8.
O-O Bc5 9. b4 Bb6 10. Bb2 Bg4 11. Na3 Bxf3 12. gxf3 O-O-O 13. Rc1 Qg6+ 14. Kh1 Qf5 15. Nc4 Ne7 16. Nxb6+ axb6 17. Qc2 Qxf3+ 18. Kg1 Nd5 19. Rfe1 Rd7 20. Qe4 Qxe4 21. Rxe4 Nxb4 22. Bxd4 c5 23. Bxc5 Nd3 24. Bd6+ Nxc1 25. Rc4+ Kd8 26.
Rxc1 Re8 27. d4 f6 28. f4 fxe5 29. fxe5 Re6 30. d5 Rexd6 31. exd6 Rxd6 32. Rd1 Kd7 33. Kf2 Rh6 34. Kg3 Kd6 35. h4 Rh5 36. Rb1 Kc5 37. Rc1+ Kxd5 38. Rc7 g6 39. Rxb7 Kc6 40. Rf7 Kb5 41.
Kg4 Ka5 42. Ra7+ Kb4 43. Rb7 b5 44. Ra7 h6 45. Ra6 Rc5 46. Ra7 Rc4+ 47. Kg3 g5 48. hxg5 hxg5 49. Ra6 Kc3 50. Rg6 g4 51. Rc6 Rxc6 0-1

[Event "Late-Titled-Tuesday-Blitz-May-14-2024"]
[Site "Chess.com"]
[Date "2024.05.14"]
[Round "7"]
[White "Szparu"]
[Black "Sanan_Sjugirov"]
[Result "1-0"]
[WhiteElo "2902"]
[BlackElo "3029"]
[TimeControl "180+1"]
[EndTime "15:16:54 PDT"]
[Termination "Szparu won on time"]

1. e4 c6 2. d4 d5 3. f3 e6 4. Nc3 Bb4 5. Bd2 Ne7 6. a3 Ba5 7. Nce2 Nd7 8. Ng3 O-O 9. Bd3 e5 10. c3 exd4 11. cxd4 dxe4 12. fxe4 c5 13. b4 cxb4 14.
axb4 Bb6 15. Nf3 Ne5 16. Ra3 Nxf3+ 17. gxf3 Qxd4 18. Qe2 Qb2 19. Rc3 Nc6 20. Rc2 Qe5 21.
f4 Qe7 22. e5 Nd4 23. Qe4 Nxc2+ 24. Bxc2 g6 25. f5 Re8 26. Bc3 Qc7 27. Bb2 Qc6 28. Rf1 Bd7 29. e6 Bxe6 30. Qxc6 bxc6 31. fxe6 Rxe6+ 32. Kd1 Rd8+ 33. Kc1 Rde8 34. Bc3 Bc7 35. Bb3 R6e7 36. Ne4 Rxe4 37. Rxf7 Bf4+ 38. Rxf4+ 1-0

[Event "Late-Titled-Tuesday-Blitz-May-14-2024"]
[Site "Chess.com"]
[Date "2024.05.14"]
[Round "7"]
[White "sergoy"]
[Black "Rodalquilar"]
[Result "1-0"]
[WhiteElo "3015"]
[BlackElo "2868"]
[TimeControl "180+1"]
[EndTime "15:16:54 PDT"]
[Termination "sergoy won by resignation"]

1. d4 d5 2. c4 e6 3. Nf3 Nf6 4. Nc3 a6 5. cxd5 exd5 6. Qb3 c5 7. Bg5 c4 8. Qc2 Be6 9. Bxf6 Qxf6 10. e4 b5 11. a4 Nc6 12. exd5 Nb4 13. Qe4 Qf5 14. dxe6 Qxe4+ 15. Nxe4 Nc2+ 16. Kd2 Nxa1 17. exf7+ Kxf7 18. Bxc4+ bxc4 19. Rxa1 Bb4+ 20. Ke3 Rhe8 21. Rc1 Rac8 22. Ne5+ Kg8 23. Rxc4 Rb8 24. Nd3 Be7 25. g3 Rb3 26.
Rc3 Rb6 27. f4 Bb4 28. Rc7 Bd6 29. Rd7 Bf8 30. f5 Rb3 31. g4 Bb4 32. h4 Bd2+ 33.
Kxd2 Rxe4 34. Ne5 Rxb2+ 35. Kd3 Rxe5 36. dxe5 Rb4 37. e6 Kf8 38. g5 Rf4 39. Rf7+ Kg8 40. f6 gxf6 41. gxf6 Rf3+ 42. Ke4 Rf1 43. Rg7+ Kh8 44.
Rd7 Rxf6 45. e7 Re6+ 46. Kf5 Re1 47. Rd8+ Kg7 48. e8=Q Rxe8 49. Rxe8 1-0

[Event "Late-Titled-Tuesday-Blitz-May-14-2024"]
[Site "Chess.com"]
[Date "2024.05.14"]
[Round "7"]
[White "kingofthenil"]
[Black "h4parah5"]
[Result "1-0"]
[WhiteElo "2879"]
[BlackElo "3022"]
[TimeControl "180+1"]
[EndTime "15:16:54 PDT"]
[Termination "kingofthenil won by resignation"]

1. d4 Nf6 2. c4 e6 3. Nf3 c5 4.
d5 exd5 5. cxd5 d6 6. e4 g6 7. h3 Bg7 8. Nc3 O-O 9. Bd3 b5 10. Nxb5 Nxe4 11. Bxe4 Re8 12. O-O Rxe4 13. Nc3 Re8 14.
Bg5 f6 15. Bf4 g5 16. Bh2 f5 17. Re1 Rxe1+ 18. Qxe1 h6 19. Nd2 f4 20. Nc4 Na6 21. Ne4 Nb4 22. Qd2 Bb7 23. Re1 Bxd5 24. Ncxd6 Qd7 25. a3 Bxe4 26. Rxe4 Rd8 27. Bxf4 gxf4 28. axb4 cxb4 29. Qd5+ Kh7 30. Re6 Rf8 31. b3 f3 32.
gxf3 Qc7 33. Qe4+ Kh8 34. Nc4 Qf7 35. Kg2 Qh5 36. Qg4 Qd5 37. Rg6 Rg8 38. Qe6 Qxe6 39. Rxe6 Bd4+ 40. Kf1 Kg7 41. Nd6 Bc5 42. Nf5+ Kf7 43.
Rc6 Bb6 44. Nxh6+ 1-0

[Event "Late-Titled-Tuesday-Blitz-May-14-2024"]
[Site "Chess.com"]
[Date "2024.05.14"]
[Round "7"]
[White "ATM622"]
[Black "Dhaydon19"]
[Result "1-0"]
[WhiteElo "2560"]
[BlackElo "2715"]
[TimeControl "180+1"]
[EndTime "15:16:54 PDT"]
[Termination "ATM622 won by resignation"]

1. d4 c6 2. c4 d5 3. Nf3 Nf6 4. Nbd2 e6 5. g3 Bd6 6. Bg2 Nbd7 7. O-O O-O 8. Qc2 Re8 9. Rd1 Qe7 10. e4 dxe4 11. Nxe4 Nxe4 12. Qxe4 e5 13. dxe5 Nxe5 14. Bf4 Nxf3+ 15. Qxf3 Bxf4 16. Qxf4 Be6 17. b3 Rad8 18. h4 h6 19. Qe3 a6 20. Qb6 Bg4 21. Rd4 Qf6 22. Rxd8 Rxd8 23. Re1 Rd2 24. a4 Bd1 25. Qe3 Rd8 26. Bd5 Bc2 27. Be4 Bxe4 28. Qxe4 Rd2 29.
Re2 Rd1+ 30. Re1 Qa1 31. Rxd1 Qxd1+ 32. Kg2 Qd7 33. a5 h5 34. Qe5 g6 35. c5 Kh7 36.
Qd6 Qf5 37. Qe7 Qd5+ 38. Kg1 Qxb3 39. Kg2 Qd5+ 40. Kg1 Kg7 41. Qxb7 Qd1+ 42. Kh2 Qd5 43. Qb2+ f6 44. Qb7+ Kh6 45. Qxa6 Qxc5 46. Qb6 Qf5 47.
Qe3+ g5 48. hxg5+ fxg5 49. a6 Qa5 50. Qe6+ Kg7 51. Qxc6 h4 52. Qb7+ Kf6 53. a7 hxg3+ 54. fxg3 Qd2+ 55. Qg2 g4 56. Qxd2 1-0

[Event "Late-Titled-Tuesday-Blitz-May-14-2024"]
[Site "Chess.com"]
[Date "2024.05.14"]
[Round "7"]
[White "jinxy2009"]
[Black "katharinareinecke"]
[Result "1-0"]
[WhiteElo "2302"]
[BlackElo "1908"]
[TimeControl "180+1"]
[EndTime "15:16:54 PDT"]
[Termination "jinxy2009 won by resignation"]

1. e4 c6 2. d4 d5 3. e5 Bf5 4. Nd2 h6 5. Nb3 e6 6. Nf3 Ne7 7. Be2 Bh7 8. O-O Nf5 9. a4 Be7 10.
a5 O-O 11. c4 dxc4 12. Bxc4 Nd7 13. Bd2 Qc7 14. Bc3 Rfd8 15. Re1 Rac8 16. Qe2 b5 17. Bd3 a6 18. Rac1 Qa7 19. g4 Nh4 20. Nxh4 Bxh4 21.
Bxh7+ Kxh7 22. Bb4 Nf8 23. Nc5 Ng6 24. Qe4 Rd5 25.
Nb3 Qd7 26. Bc5 Bg5 27. Rcd1 Be7 28. f4 Bxc5 29. Nxc5 Qc7 30. f5 exf5 31. gxf5 Nf8 32. e6 fxe6 33. fxe6+ Kg8 34. e7 Rg5+ 35. Kh1 Ng6 36.
Qe6+ Kh7 37. e8=Q Rxe8 38. Qxe8 Qf4 39. Qe4 Qf7 40. Rg1 Rxg1+ 41. Rxg1 b4 42. h4 Qf3+ 43. Qxf3 1-0

[Event "Late-Titled-Tuesday-Blitz-May-14-2024"]
[Site "Chess.com"]
[Date "2024.05.14"]
[Round "7"]
[White "vugarrasulov"]
[Black "super_emi_26"]
[Result "1-0"]
[WhiteElo "2973"]
[BlackElo "2865"]
[TimeControl "180+1"]
[EndTime "15:16:55 PDT"]
[Termination "vugarrasulov won by resignation"]

1. a3 Nf6 2. Nf3 g6 3. b4 Bg7 4. Bb2 O-O 5. g3 b6 6. Bg2 Bb7 7. O-O d6 8. c4 Nbd7 9. d4 Ne4 10. Qc2 Qc8 11. d5 Nef6 12. Nc3 Re8 13. e4 e6 14. Rac1 a5 15. Rfe1 axb4 16. axb4 Nh5 17. Ra1 Qd8 18. Rxa8 Qxa8 19. Ra1 Qb8 20. h3 Ne5 21. Nxe5 Bxe5 22. Nb5 Bxb2 23. Qxb2 e5 24. Na7 Kg7 25. Nc6 Bxc6 26.
dxc6 Kg8 27. Qc3 Ng7 28. c5 bxc5 29. bxc5 dxc5 30. Qxc5 Qb2 31. Ra7 Ne6 32. Qa5 Rd8 33.
Ra8 Rxa8 34. Qxa8+ Kg7 35. Bf1 Qc2 36. Qa5 Qxe4 37.
Bg2 Qd4 38. h4 e4 39. Bh3 f5 40. Qa3 Kf6 41. Bf1 Qc5 42. Qb2+ Qd4 43. Qb8 Ke7 44. Qg8 Qg7 45. Qc8 Qd4 46. Qg8 Qg7 47. Qc8 Kd6 48. h5 gxh5 49. Bc4 Qe7 50. Qa8 Nc5 51. Qa3 Kxc6 52.
Qe3 Qe5 53. Qh6+ Kb7 54. Qxh5 e3 55. Qf3+ Qe4 56. Bd5+ Kb6 57. Bxe4 1-0

[Event "Late-Titled-Tuesday-Blitz-May-14-2024"]
[Site "Chess.com"]
[Date "2024.05.14"]
[Round "7"]
[White "Mikhail_Golubev"]
[Black "Atanejhad"]
[Result "0-1"]
[WhiteElo "2583"]
[BlackElo "2496"]
[TimeControl "180+1"]
[EndTime "15:16:56 PDT"]
[Termination "Atanejhad won on time"]

1. e4 e5 2. Nf3 Nc6 3. Bc4 Bc5 4. c3 Nf6 5. d3 h6 6. b4 Be7 7. O-O d6 8. a4 O-O 9. a5 Be6 10. Bxe6 fxe6 11. b5 Nb8 12. Re1 Qe8 13. d4 exd4 14. Nxd4 Qf7 15. f3 Nbd7 16. c4 Nh5 17. Nc3 Bf6 18. Be3 Nc5 19. Qc2 Qg6 20. Rad1 Be5 21.
Nce2 Rf7 22. Rf1 Raf8 23. g3 Bxd4 24. Nxd4 b6 25. a6 Nf6 26. Nc6 Nfd7 27. Qg2 e5 28.
Nxa7 h5 29. Nc6 Ne6 30. Kh1 Ng5 31. Bxg5 Qxg5 32. Ra1 Ra8 33. a7 Qe3 34. Qf2 Qc3 35.
Rac1 Qb3 36. Qe2 Nc5 37. Kg2 h4 38. gxh4 Ne6 39. Kh1 Nf4 40. Qf2 Rf6 41. Qg3 Rg6 0-1